 Dungeon Crawl Stone Soup version 0.31-a0-851-g7ff8af7976 (webtiles) character file.

Game seed: 18253927714831978281

8 Strat the Trooper (level 2, -5/19 HPs)
             Began as a Kobold Fighter on Oct 5, 2023.
             Slain by a gnoll
             ... wielding a +0 flail
             ... led by a gnoll bouda
              (8 damage)
             ... on level 2 of the Dungeon.
             The game lasted 00:01:16 (945 turns).

Strat the Trooper (Kobold Fighter)                   Turns: 945, Time: 00:01:17

Health: -5/19      AC:  6    Str: 13    XL:     2   Next: 15%
Magic:  2/2        EV: 10    Int:  9    God:
Gold:   54         SH:  4    Dex: 14    Spells: 1/1 levels left

rFire   . . .        a - +0 long sword
rCold   . . .        c - +0 buckler
rNeg    . . .        b - +0 scale mail
rPois   .            (no helmet)
rElec   .            (no cloak)
rCorr   .            (no gloves)
SInv    .            (no boots)
Will    .....        (no amulet)
Stlth   +            (no ring)
HPRegen 0.23/turn    (no ring)
MPRegen 0.08/turn

%: no passive effects
@: mighty
A: small, no large weapons, nightstalker 3
a: no special abilities


You were on level 2 of the Dungeon.
You visited 1 branch of the dungeon, and saw 2 of its levels.

You collected 54 gold pieces.

Inventory:

Hand Weapons
 a - a +0 long sword (weapon)
Missiles
 k - a throwing net
Armour
 b - a +0 scale mail (worn)
 c - a +0 buckler (worn)
Scrolls
 f - a scroll of teleportation {unknown}
 g - a scroll of enchant weapon {unknown}
 h - a scroll of poison {unknown}
 j - a scroll of identify {unknown}
Potions
 e - a potion of mutation {unknown}
 i - a potion of curing {unknown}
 l - a potion of brilliance {unknown}


   Skills:
 - Level 3.2 Fighting
 + Level 2.2 Long Blades
 - Level 2.4 Armour
 - Level 2.4 Shields


You had one spell level left.
You didn't know any spells.
Your spell library contained the following spells:

 Spells                   Type           Power      Damage    Failure   Level
 Summon Small Mammal      Summ           0%         N/A       95%         1
 Call Canine Familiar     Summ           0%         N/A       100%        3
 Summon Guardian Golem    Hex/Summ       0%         N/A       100%        3


Dungeon Overview and Level Annotations

Branches:
Dungeon (2/15)

Altars:

Annotations:
D:2 Sigmund


Innate Abilities, Weirdness & Mutations

You are small and have problems with some larger weapons.
You are completely attuned to the shadows.


Message History

The quokka is heavily wounded.
The quokka bites you but does no damage.
The quokka bites you.
You barely miss the quokka.
The quokka is heavily wounded.
You block the quokka's attack. The quokka bites you.
You hit the quokka.
You kill the quokka!
No target in view!
No target in view!
HP restored.
Sigmund the Dreaded comes into view.
He is wielding a +0 scythe.
There is a stone staircase leading up here.
Found 8 stones.
Found a stone staircase leading up.
Found a murky brown potion.
Found a club.
There is a stone staircase leading up here.
l - a murky brown potion A gnoll and a kobold come into view.
The gnoll shouts!
You hear a shout! x2
A gnoll bouda comes into view. It is wielding a +0 whip.
A gnoll comes into view. It is wielding a +0 spear.
The gnoll moves out of view.
The gnoll shouts!
A gnoll comes into view. It is wielding a +0 flail.
The gnoll attacks as it pursues you! The gnoll hits you with a +0 flail!
* * * LOW HITPOINT WARNING * * *
The gnoll bouda barks out a call to the hunt!
The gnolls pick up the pace!
The gnoll attacks as it pursues you! The gnoll closely misses you.
The gnoll hits you from afar with a +0 spear.
* * * LOW HITPOINT WARNING * * *
Okay, then.
You feel very mighty all of a sudden. The gnoll hits you but does no damage.
The gnoll hits you from afar with a +0 spear.
* * * LOW HITPOINT WARNING * * *
The kobold shouts!
The gnoll hits you with a +0 flail!
You die...

.. ....... . #.####.....
#.#... ...g. #### #.#..#
#..###
..###..(<#####g..#
#.##........)K##.#
#.##........g.# .# #
#<.#......g...# .
########.#......@...#
##..>.##............#
......##.############
#........<###
##....###...########
##....#####........#####
.......................#
########################


You could see a gnoll bouda, 2 gnolls and a kobold.

Vanquished Creatures
  A goblin (D:1)
  A kobold (D:1)
  A quokka (D:2)
  A ball python (D:1)
  A bat (D:1)
  3 frilled lizards (D:1)
  A rat (D:1)
9 creatures vanquished.

Notes
Turn   | Place    | Note
-------+----------+-------------------------------------------
     0 | D:1      | Strat the Kobold Fighter began the quest for the Orb.
     0 | D:1      | Reached XP level 1. HP: 14/14 MP: 1/1
   337 | D:1      | Found a faded altar of an unknown god.
   405 | D:1      | Reached XP level 2. HP: 17/19 MP: 2/2
   847 | D:2      | Noticed Sigmund
   945 | D:2      | Slain by a gnoll

Illustrated notes

Levels and vault maps discovered:
D:1:      dpeg_arrival_shrine, layout_rooms, serial_aquarium,
          aquarium_bridge_square [aquarium_subvault_window,
          aquarium_subvault_wall, aquarium_subvault_bridge,
          aquarium_subvault_bridge], aquarium_window_1, aquarium_window_fake,
          aquarium_window_fake, aquarium_view_2d, aquarium_view_2a,
          aquarium_balcony_5b, aquarium_pool_four, shapermc_ecumenical_altar_gd
D:2:      layout_rooms, uniq_sigmund

Skill      XL: |  1 |
---------------+----+-----
Long Blades    | 2 |  2.2
Fighting       | |  3.2
Armour         | |  2.4
Shields        | |  2.4

Action                     || total
---------------------------++-------
  Melee: Long sword        ||    37
    Use: Potion            ||     1
   Stab: Sleeping          ||     1
 Armour: Scale mail        ||    30
  Dodge: Dodged            ||    12
  Block: Buckler           ||    10

Table legend: (Time is in decaauts)
 A = Elapsed time spent in this place.
 B = Non-inter-level travel time spent in this place.
 C = Inter-level travel time spent in this place.
 D = Time resting spent in this place.
 E = Time spent auto-exploring this place.
 F = Levels seen in this place.
 G = Mean time per level.
                   A        B        C        D        E       F      G
               +--------+--------+--------+--------+--------+-----+--------+
         Total |    958 |    941 |     17 |      0 |    758 |   2 |  479.0 |
       Dungeon |    958 |    941 |     17 |      0 |    758 |   2 |  479.0 |
               +--------+--------+--------+--------+--------+-----+--------+

Top non-repeatable levels by time:
     D:1: 803 daAuts
     D:2: 154 daAuts
